 Dungeon Crawl Stone Soup version 0.25-a0-834-g55863b0b92 (webtiles) character file.

Game seed: 13710020030980318967, levelgen mode: deterministic

498489 Arvaldir the Earth Mage (level 25, -11/157 HPs)
             Began as a Gargoyle Earth Elementalist on Apr 22, 2020.
             Was the Champion of Vehumet.
             Killed from afar by an ancient lich (73 damage)
             ... with an iron shot
             ... on level 5 of the Vaults.
             The game lasted 02:50:46 (59663 turns).

Arvaldir the Earth Mage (GrEE)                     Turns: 59663, Time: 02:50:47

Health: -11/157    AC: 41    Str: 13    XL:     25   Next: 17%
Magic:  21/50      EV: 20    Int: 34    God:    Vehumet [******]
Gold:   5080       SH:  0    Dex: 14    Spells: 6/52 levels left

rFire    + . .     SeeInvis .   K - +9 eveningstar (freeze)
rCold    + + .     Gourm    .   (no shield)
rNeg     + + +     Faith    .   E - +5 steam dragon scales
rPois    ∞         Spirit   .   Q - +2 helmet
rElec    +         Reflect  .   P - scarf {rC+ rF+}
rCorr    .         Harm     .   F - +3 pair of gloves of Idealism {rN+}
MR       ++...                  B - +2 pair of boots
Stlth    ..........             X - amulet "Neothrep" {rPois Regen+ Dex+4}
HPRegen  0.76/turn              R - ring of Saeraigu {rC- rN+ MP+9 Int+4}
MPRegen  0.32/turn              G - ring "Jeacroihoa" {rC+ Int+3 Slay+3 Stlth-}

@: confused, marked, very slightly contaminated
A: big wings, cold resistance 1, magic resistance 1, negative energy resistance
1, sense surroundings 1, electricity resistance, unbreathing, petrification
resistance, rot immunity, AC +19
}: 2/15 runes: decaying, serpentine
a: Fly, Renounce Religion


You were on level 5 of the Vaults.
You worshipped Vehumet.
Vehumet was exalted by your worship.
You were not hungry.

You visited 9 branches of the dungeon, and saw 43 of its levels.
You visited the Abyss 2 times.
You also visited: Ossuary, Bailey and Wizlab.

You collected 7352 gold pieces.
You spent 2272 gold pieces at shops.

Inventory:

Hand Weapons
 K - a +9 eveningstar of freezing (weapon)
Missiles
 b - 1033 stones (quivered)
Armour
 B - a +2 pair of boots (worn)
 E - +5 steam dragon scales (worn)
 F - the +3 pair of gloves of Idealism (worn) {rN+}
   (You acquired it on level 2 of the Elven Halls)

   It protects you from negative energy.
 P - a scarf of resistance (worn)
 Q - a +2 helmet (worn)
Magical Staves
 M - an uncursed staff of fire
 S - an uncursed staff of cold
 V - an uncursed staff of wizardry
Jewellery
 g - a +5 ring of protection
 n - an uncursed ring of wizardry
 t - an uncursed ring of see invisible
 w - an uncursed ring of protection from cold
 x - an uncursed ring of protection from fire
 G - the ring "Jeacroihoa" (right hand) {rC+ Int+3 Slay+3 Stlth-}
   (You bought it in a shop on level 7 of the Dungeon)

   [ring of attention]

   It affects your intelligence (+3).
   It affects your accuracy and damage with ranged weapons and melee attacks
   (+3).
   It protects you from cold.
   It makes you less stealthy.
 R - the ring of Saeraigu (left hand) {rC- rN+ MP+9 Int+4}
   (You found it on level 3 of the Crypt)

   [ring of positive energy]

   It affects your intelligence (+4).
   It makes you vulnerable to cold.
   It protects you from negative energy.
   It affects your magic capacity (+9).
 X - the amulet "Neothrep" (around neck) {rPois Regen+ Dex+4}
   (You found it on level 3 of the Crypt)

   [amulet of regeneration]

   It affects your dexterity (+4).
   It protects you from poison.
   It increases your rate of regeneration.
 Y - the ring "Botamn" {rPois rN+ Int+6}
   (You found it on level 3 of the Crypt)

   [ring of positive energy]

   It affects your intelligence (+6).
   It protects you from poison.
   It protects you from negative energy.
Wands
 c - a wand of disintegration (28)
 i - a wand of iceblast (40)
 l - a wand of enslavement (5)
 q - a wand of polymorph (8)
 D - a wand of digging (6)
 W - a wand of paralysis (13)
Scrolls
 f - 3 scrolls of enchant armour
 h - 21 scrolls of remove curse
 k - 13 scrolls of teleportation
 m - 6 scrolls of magic mapping
 r - 21 scrolls of identify
 u - 2 scrolls of blinking
 y - 3 scrolls of fear
 z - a scroll of summoning
 J - 11 scrolls of amnesia
 L - 5 scrolls of immolation
 N - 5 scrolls of fog
 U - 2 scrolls of enchant weapon
Potions
 j - 2 potions of haste
 o - 4 potions of heal wounds
 p - 8 potions of curing
 s - a potion of berserk rage
 v - 4 potions of invisibility
 A - 4 potions of resistance
 I - 3 potions of cancellation
 T - 5 potions of mutation
Miscellaneous
 a - a lightning rod (inert)
 C - 2 phantom mirrors
 H - 4 boxes of beasts
 O - a phial of floods
Comestibles
 d - 5 rations


   Skills:
 + Level 16.0 Fighting
 + Level 15.0 Maces & Flails
 - Level 6.0 Armour
 + Level 12.8 Dodging
 - Level 2.1 Stealth
 + Level 14.4 Spellcasting
 + Level 16.4 Conjurations
   Level 0.7 Transmutations
 * Level 20.5 Fire Magic
 + Level 20.5 Earth Magic
 - Level 6.0 Evocations


You had 6 spell levels left.
You knew the following spells:

 Your Spells              Type           Power        Failure   Level  Hunger
a - Sandblast             Erth           ######       0%          1    None
b - Stone Arrow           Conj/Erth      ######       0%          3    None
c - Lee's Rapid Deconstr  Erth           ########..   0%          5    None
d - Iron Shot             Conj/Erth      ########..   1%          6    ##.....
e - Fireball              Conj/Fire      ########..   1%          5    None
f - Shatter               Erth           ########..   11%         9    #######
g - Ignition              Fire           ########..   1%          8    ######.
i - Fire Storm            Conj/Fire      ########..   22%         9    #######

Your spell library contained the following spells:

 Spells                   Type           Power        Failure   Level  Hunger
 Chain Lightning          Conj/Air       ######....   65%         8    ######.
 Tornado                  Air            ###.......   100%        9    #######
 Foxfire                  Conj/Fire      ####         0%          1    None
 Magic Dart               Conj           ####         0%          1    None
 Searing Ray              Conj           ######       0%          2    None
 Conjure Flame            Conj/Fire      ########     0%          3    None
 Sticky Flame             Conj/Fire      ########     0%          4    None
 Bolt of Magma            Conj/Fire/Erth ########..   0%          5    None
 Animate Skeleton         Necr           N/A          1%          1    None
 Apportation              Tloc           ###...       1%          1    None
 Beastly Appendage        Tmut           ####..       1%          1    None
 Corona                   Hex            ###....      1%          1    None
 Pain                     Necr           ###.         1%          1    None
 Shock                    Conj/Air       ####         1%          1    None
 Sting                    Tmut/Pois      ####         1%          1    None
 Summon Butterflies       Summ           ###.....     1%          1    None
 Summon Small Mammal      Summ           ###.         1%          1    None
 Passwall                 Tmut/Erth      #######.     1%          2    None
 Sticks to Snakes         Tmut           ####....     1%          2    None
 Dazzling Flash           Conj/Hex       ######       1%          3    None
 Ignite Poison            Fire/Tmut/Pois ######..     1%          3    None
 Inner Flame              Hex/Fire       #######.     1%          3    None
 Mephitic Cloud           Conj/Pois/Air  ######..     1%          3    None
 Static Discharge         Conj/Air       ######..     1%          3    None
 Fulminant Prism          Conj/Hex       ######....   1%          4    None
 Iskenderun's Mystic Bla  Conj/Tloc      ######..     1%          4    None
 Leda's Liquefaction      Hex/Erth       #######...   1%          4    None
 Petrify                  Tmut/Erth      #######.     1%          4    None
 Irradiate                Conj/Tmut      ######....   1%          5    None
 Iskenderun's Battlesphe  Conj/Chrm      ######..     1%          5    None
 Lightning Bolt           Conj/Air       ######....   1%          5    None
 Starburst                Conj/Fire      ########..   1%          6    ##.....
 Corpse Rot               Necr/Air       N/A          2%          2    None
 Ensorcelled Hibernation  Hex/Ice        ###...       2%          2    None
 Poisonous Vapours        Pois/Air       ###...       2%          2    None
 Shroud of Golubria       Chrm/Tloc      ###...       2%          2    None
 Slow                     Hex            ###.....     2%          2    None
 Swiftness                Chrm/Air       ###.....     2%          2    None
 Conjure Ball Lightning   Conj/Air       ######....   2%          6    ##.....
 Call Canine Familiar     Summ           ###.....     4%          3    None
 Confusing Touch          Hex            ###.....     4%          3    None
 Gell's Gravitas          Tloc           ###.......   4%          3    None
 Lesser Beckoning         Tloc           ###.......   4%          3    None
 Portal Projectile        Hex/Tloc       ###...       4%          3    None
 Recall                   Summ/Tloc      N/A          4%          3    None
 Spider Form              Tmut/Pois      ####......   4%          3    None
 Teleport Other           Tloc           ###.....     4%          3    None
 Tukima's Dance           Hex            ###.....     4%          3    None
 Vampiric Draining        Necr           ###.......   4%          3    None
 Airstrike                Air            ###.......   4%          4    None
 Olgreb's Toxic Radiance  Pois           ###.....     4%          4    None
 Freezing Cloud           Conj/Ice/Air   ######....   7%          6    ##.....
 Yara's Violent Unravell  Hex/Tmut       ####......   11%         5    None
 Ice Form                 Ice/Tmut       ####....     14%         4    None
 Animate Dead             Necr           N/A          17%         4    None
 Cause Fear               Hex            ###.......   17%         4    None
 Summon Ice Beast         Ice/Summ       ###.....     17%         4    None
 Blade Hands              Tmut           ####......   34%         5    None
 Alistair's Intoxication  Tmut/Pois      ####....     38%         5    None
 Agony                    Necr           ###.....     43%         5    None
 Metabolic Englaciation   Hex/Ice        ###.......   43%         5    None
 Silence                  Hex/Air        ###.......   43%         5    None
 Summon Forest            Summ/Tloc      ###.......   43%         5    None
 Summon Mana Viper        Hex/Summ       ###.....     43%         5    None
 Ozocubu's Refrigeration  Ice            ###.......   52%         6    ##.....
 Hydra Form               Tmut           ####......   88%         6    ##.....
 Eringya's Noxious Bog    Tmut/Pois      ####......   92%         6    ##.....
 Invisibility             Hex            ###.....     95%         6    ##.....
 Simulacrum               Ice/Necr       ###.......   95%         6    ##.....
 Orb of Destruction       Conj           #######...   1%          7    #####..
 Spellforged Servitor     Conj/Summ      ######....   13%         7    #####..
 Ring of Flames           Chrm/Fire      #######...   22%         7    #####..
 Dragon Form              Tmut           ####......   100%        7    #####..
 Malign Gateway           Summ/Tloc      ###.......   100%        7    #####..
 Summon Hydra             Summ           ###.......   100%        7    #####..
 Discord                  Hex            ###.......   100%        8    ######.
 Dragon's Call            Summ           ###.......   100%        9    #######
 Statue Form              Tmut/Erth      Unusable     N/A         6    N/A

Dungeon Overview and Level Annotations

Branches:
Dungeon (15/15)            Temple (1/1) D:6            Lair (6/6) D:11
  Swamp (4/4) Lair:3        Snake (4/4) Lair:3        Slime (0/5) Lair:6
    Orc (2/2) D:12            Elf (3/3) Orc:2        Vaults (5/5) D:13
  Crypt (3/3) Vaults:3       Tomb (0/3) Crypt:3      Depths (0/5) D:15
Ossuary (visited)          Bailey (visited)          WizLab (visited)

Altars:
Ashenzari
Cheibriados
Dithmenos
Elyvilon
Fedhas
Gozag
Hepliaklqana
Kikubaaqudgha
Makhleb
Nemelex Xobeh
Okawaru
Qazlal
Ru
Sif Muna
Trog
Uskayaw
Vehumet
Wu Jian
Xom
Yredelemnul
Zin
The Shining One
Beogh
Jiyva

Shops:
D:7 *   D:14 [   Orc:2 (=*[(   Elf:3 *   Snake:1 :

Portals:
Trove: Elf:3 (give 17 potions of curing)

Annotations:
Lair:3 exclusion: 2 oklob plants
Elf:2 3 runed translucent doors


Innate Abilities, Weirdness & Mutations

You are resistant to torment.
Your stone body is resilient. (AC +19)
You are immune to poison.
Your large and strong wings let you fly indefinitely.
You resist negative energy. (rN+)
You are resistant to electric shocks. (rElec)
You can survive without breathing.
You are immune to petrification.
You are immune to rotting.
Your flesh is cold resistant. (rC+)
You are resistant to hostile enchantments. (MR+)
You passively map a small area around you.


Message History

You float gracefully downwards.
You hear some strange, mumbled words.
All of the chunks of flesh in your inventory have rotted away.
Unknown command.
You are confused.
You feel invigorated. Something barely misses you.
You bump into the heavily etched metal wall.
Something touches you but does no damage.
The Hell Sentinel gestures at you.
The sphere of damnation explodes!
The damnation engulfs you!!
The damnation engulfs the Hell Sentinel.
The Hell Sentinel completely resists.
The damnation engulfs something!!
You bump into the heavily etched metal wall.
Something touches you but does no damage.
The Hell Sentinel hits you! The Hell Sentinel barely misses you.
You closely miss something.
You hear some strange, mumbled words.
An iron shot appears from out of thin air!
The iron shot hits you!!!!
You die...

#....................
#....................
#....################
#..)..#.#.#, ,
#..#.#)#.# * * * ,
#..##.#.#.#, #.
#..#.#.#### * **.##
#..##1## .#.#
#..#@#.# ##...##
#(.##{## ##...)...
#..#[#C# ##........
#..##)#####...[.Z)}.
#..#.#D#.#....pvZ...
#..##.#)#.#...}.[|).
#..#.#.#T#......v...
* ##.#####...).:.".,
#.# ##........


You could see a Hell Sentinel and a titan.

Vanquished Creatures
  Mennas (Vaults:3)
  6 ancient liches
  Mara (Vaults:4)
  Boris (twice) (Crypt:1 Crypt:2)
  Bai Suzhen (Vaults:4)
  Xtahua (Vaults:5)
  2 liches
  A bone dragon (Vaults:3)
  2 tentacled monstrosities
  Jorgrun (Snake:2)
  A deep elf master archer (Elf:3)
  3 titans
  A deep elf blademaster (Elf:3)
  4 sphinxes
  2 tentacled starspawn (Abyss:2)
  A tengu reaver (Vaults:3)
  6 ancient champions
  3 shadow dragons (Vaults:5)
  A storm dragon (Vaults:5)
  3 thorn hunters (Swamp:4)
  A revenant (Crypt:3)
  Kirke (D:11)
  Roxanne (Snake:4)
  Donald (Crypt:1)
  A fire giant (Vaults:5)
  7 deep elf sorcerers
  6 nagarajas
  4 frost giants (Vaults:5)
  18 vault wardens
  An orc warlord (Orc:2)
  A cacodemon (Abyss:2)
  4 ghouls
  Aizul (Snake:2)
  A curse skull (Crypt:3)
  13 ironheart preservers
  5 deep elf elementalists
  9 stone giants
  8 very ugly things
  4 vampire knights
  6 war gargoyles
  An entropy weaver (Vaults:4)
  8 deep elf demonologists
  The ghost of htime the Unseen, a journeyman SpEn of Dithmenos (Swamp:3)
  4 deep elf annihilators
  7 dire elephants
  Snorg (Orc:1)
  10 jiangshi
  A green death (Abyss:2)
  10 deep elf death magi
  2 eidola
  Josephine (D:11)
  10 ettins
  36 vault guards
  2 fire dragons
  11 yaktaur captains
  6 deep elf high priests
  4 rakshasas
  17 naga warriors
  4 great orbs of eyes
  5 starcursed masses (Abyss:2)
  18 hydras
  Erolcha (D:12)
  4 ice dragons
  2 quicksilver dragon skeletons (Crypt:1)
  3 catoblepae
  2 shambling mangroves
  8 alligators
  3 ghost crabs
  7 ogre magi
  8 anacondas
  12 centaur warriors
  13 dancing weapons
  4 death knights
  20 two-headed ogres
  4 deep troll shamans (Vaults:3)
  17 naga sharpshooters
  2 tengu warriors
  An orc high priest (Orc:2)
  4 shock serpents
  7 death yaks
  A spriggan berserker (Swamp:4)
  6 vampire magi
  A soul eater (Crypt:2)
  19 deep elf knights
  A sixfirhy (Abyss:2)
  5 shadow wraiths
  31 skeletal warriors
  2 unseen horrors
  A deep troll (shapeshifter) (Vaults:3)
  6 deep trolls
  3 salamander mystics
  8 swamp dragons
  10 flayed ghosts
  6 naga ritualists
  A storm dragon skeleton (Crypt:1)
  A spriggan druid (Swamp:3)
  A shadow dragon zombie (Vaults:5)
  A spectral hydra (Swamp:3)
  24 deep elf archers
  A wolf spider zombie (Crypt:3)
  18 phantasmal warriors
  5 wizards
  4 harpies
  17 ironbrand convokers
  4 mana vipers
  A shadow dragon skeleton (Crypt:3)
  7 orc sorcerers
  5 necromancers
  13 orc knights
  5 wolf spiders
  10 salamanders
  A frost giant zombie (Crypt:1)
  4 cyclopes
  11 elephants
  An iron dragon skeleton (Crypt:1)
  An iron dragon zombie (Crypt:3)
  A shining eye (shapeshifter) (Vaults:3)
  3 large abominations (Abyss:2)
  74 deep elf magi
  19 ugly things
  A worldbinder (Abyss:2)
  17 slime creatures
  2 fire giant zombies
  A guardian serpent (shapeshifter) (Vaults:4)
  5 fire giant skeletons (Crypt:3)
  A manticore (D:11)
  Maurice (D:11)
  5 guardian serpents
  2 smoke demons (Abyss:2)
  2 orange demons (Abyss:2)
  16 vault sentinels
  19 spiny frogs
  6 gargoyles
  20 naga magi
  A titan simulacrum (Vaults:5)
  31 black mambas
  A swamp worm zombie (Crypt:1)
  2 rime drakes
  A catoblepas zombie (Crypt:3)
  An efreet (D:13)
  12 freezing wraiths
  A golden dragon simulacrum (Crypt:1)
  Maggie (Lair:2)
  3 kobold demonologists (D:15)
  A komodo dragon (shapeshifter) (Vaults:4)
  A hellwing (Abyss:2)
  40 yaktaurs
  A catoblepas skeleton (Crypt:1)
  A ghost moth simulacrum (Crypt:1)
  An ancient zyme (Abyss:2)
  3 tengu conjurers
  A jumping spider (shapeshifter) (Elf:2)
  9 komodo dragons
  A meliai (shapeshifter) (D:14)
  6 tyrant leeches
  2 trolls
  A polar bear (shapeshifter) (Vaults:2)
  A queen bee (shapeshifter) (Elf:1)
  A wolf spider simulacrum (Crypt:1)
  3 meliai (D:12)
  Grinder (D:5)
  9 hornets
  A polar bear (Lair:6)
  19 blink frogs
  14 bog bodies
  A harpy skeleton (Crypt:3)
  3 raiju (Abyss:2)
  A fire dragon zombie (Crypt:3)
  9 hippogriffs
  A small abomination (Abyss:2)
  A frost giant simulacrum (Vaults:5)
  An ettin skeleton (Crypt:2)
  2 redbacks (Vaults:4)
  4 flying skulls (Abyss:2)
  3 air elementals
  A tarantella (shapeshifter) (Vaults:5)
  4 spriggans
  A centaur simulacrum (D:14)
  9 wraiths
  21 yaks
  4 fire bats (Abyss:2)
  9 vampires
  5 wyverns
  6 fire elementals
  6 water elementals
  11 fire dragon skeletons (Crypt:3)
  8 shadows
  4 hogs
  3 human simulacra
  4 basilisks
  A human (D:13)
  9 hungry ghosts
  12 vampire mosquitoes
  2 spatial vortices (Abyss:2)
  3 neqoxecs (Abyss:2)
  2 chaos spawn (Abyss:2)
  A yaktaur simulacrum (Vaults:5)
  11 swamp worms
  7 insubstantial wisps
  44 nagas
  7 wargs (Orc:1)
  An acid dragon (D:15)
  9 water moccasins
  A glowing shapeshifter zombie (Crypt:2)
  5 two-headed ogre zombies
  A spiny frog zombie (Crypt:2)
  14 porcupines
  A floating eye (shapeshifter) (Vaults:5)
  9 ice beasts
  43 orc warriors
  20 swamp drakes
  5 sky beasts
  A black bear (shapeshifter) (Vaults:5)
  2 eyes of draining
  An alligator simulacrum (Swamp:3)
  A manticore zombie (Crypt:1)
  A swamp dragon zombie (Crypt:1)
  5 necrophages
  An ettin simulacrum (Crypt:1)
  5 phantoms
  A snapping turtle zombie (Crypt:3)
  19 ogres
  26 centaurs
  4 boggarts
  15 crocodiles
  A swamp dragon skeleton (Crypt:1)
  3 spriggan simulacra (Swamp:3)
  A tyrant leech simulacrum (Swamp:3)
  5 big kobolds
  A komodo dragon zombie (Crypt:1)
  A big kobold (shapeshifter) (Abyss:2)
  11 bullfrogs
  A rime drake skeleton (Crypt:1)
  4 elf skeletons
  7 earth elementals
  A water moccasin skeleton (D:11)
  9 scorpions
  7 troll zombies
  A killer bee (D:10)
  36 wights
  A yak skeleton (Crypt:2)
  3 electric eels
  A howler monkey (shapeshifter) (Vaults:5)
  2 howler monkeys
  12 crimson imps
  2 bullfrog zombies
  5 jellies
  A quasit (Abyss:2)
  7 hounds
  A bullfrog skeleton (D:10)
  4 centaur skeletons
  2 demonspawn zombies (Crypt:2)
  A gnoll shaman (D:4)
  23 orc priests
  7 centaur zombies
  An iron imp (Abyss:2)
  4 iguanas
  Jessica (D:2)
  26 orc wizards
  Ijyb (D:5)
  A hell rat (D:11)
  2 human skeletons
  A spectral swamp drake (Swamp:3)
  17 worker ants
  12 ogre zombies
  3 hound skeletons
  8 mummies (Ossuary)
  A howler monkey zombie (D:9)
  A worker ant zombie (D:10)
  13 gnolls
  16 adders
  2 river rats (D:11)
  6 shadow imps
  A white imp (Abyss:2)
  2 oozes
  2 adder zombies
  A halfling skeleton (Crypt:1)
  A worm (D:2)
  2 dart slugs (D:1)
  5 leopard geckos
  102 orcs
  8 bats
  3 giant cockroaches
  5 goblins
  7 hobgoblins
  8 jackals
  5 quokkas
  3 ball pythons
  5 frilled lizards
  A giant cockroach zombie (D:5)
  A goblin skeleton (D:12)
  A goblin zombie (D:12)
  2 hobgoblin skeletons (D:12)
  4 hobgoblin zombies
  A jackal skeleton (D:6)
  A jackal zombie (D:7)
  25 kobolds
  3 kobold zombies (Ossuary)
  A leopard gecko skeleton (D:5)
  7 orc skeletons
  19 orc zombies
  A quokka zombie (D:7)
  8 rats
  A river rat skeleton (Crypt:2)
  A butterfly (Lair:3)
  5 crawling corpses (Elf:3)
  A fungus (Lair:3)
  3 plants (Lair:6)
1954 creatures vanquished.

Vanquished Creatures (collateral kills)
  Jory (Vaults:4)
1 creature vanquished.

Vanquished Creatures (others)
  A mana viper (shapeshifter) (Vaults:2)
  A yaktaur (Vaults:4)
  2 swamp drakes (Swamp:2)
  An orc priest (Vaults:4)
  An ogre zombie (D:12)
  A crocodile skeleton (Crypt:2)
  3 orcs (D:12)
  4 fire vortices (Vaults:5)
  8 fungi
  6 plants
  10 toadstools (Lair:1)
  A withered plant (D:14)
39 creatures vanquished.

Grand Total: 1994 creatures vanquished

Notes
Turn   | Place    | Note
-------+----------+-------------------------------------------
     0 | D:1      | Arvaldir the Gargoyle Earth Elementalist began the quest
                  | for the Orb.
     0 | D:1      | Reached XP level 1. HP: 10/10 MP: 3/3
   159 | D:1      | Reached XP level 2. HP: 14/15 MP: 3/5
   695 | D:2      | Reached XP level 3. HP: 19/19 MP: 2/7
   696 | D:2      | Noticed Jessica
   701 | D:2      | Killed Jessica
   778 | D:2      | Reached XP level 4. HP: 12/24 MP: 3/8
   998 | D:2      | Reached skill level 5 in Earth Magic
  1003 | D:2      | Learned a level 3 spell: Stone Arrow
  1095 | D:2      | Found a shattered altar of Ashenzari.
  1477 | D:3      | Reached skill level 1 in Conjurations
  1486 | D:3      | Reached XP level 5. HP: 8/28 MP: 0/10
  1497 | D:3      | Learned a level 5 spell: Lee's Rapid Deconstruction
  2376 | D:4      | Reached XP level 6. HP: 32/32 MP: 1/12
  2567 | D:4      | Found a basalt altar of Yredelemnul.
  3088 | D:4      | Reached XP level 7. HP: 13/36 MP: 4/13
  3684 | D:5      | Entered Level 5 of the Dungeon
  4011 | D:5      | Reached skill level 1 in Fighting
  4011 | D:5      | Reached skill level 1 in Maces & Flails
  4011 | D:5      | Reached skill level 1 in Armour
  4011 | D:5      | Reached skill level 5 in Spellcasting
  4011 | D:5      | Reached XP level 8. HP: 42/43 MP: 8/15
  4169 | D:5      | Noticed Ijyb
  4173 | D:5      | Killed Ijyb
  4223 | D:5      | Noticed Grinder
  4235 | D:5      | Killed Grinder
  4735 | D:5      | Reached skill level 5 in Conjurations
  5272 | D:6      | Found a staircase to the Ecumenical Temple.
  5286 | D:6      | Reached XP level 9. HP: 44/49 MP: 17/17
  5292 | Temple   | Entered the Ecumenical Temple
  5778 | D:7      | Found a bloodstained altar of Trog.
  5920 | D:7      | Found a sand-covered staircase.
  5926 | Ossuary  | Entered an ossuary
  6882 | D:7      | Found Buiwueg's Assorted Antiques.
  6889 | D:7      | Bought a jewelled bronze wand for 76 gold pieces
  6889 | D:7      | Bought a scorched bronze ring for 95 gold pieces
  6889 | D:7      | Bought an iron wand for 76 gold pieces
  6890 | D:7      | Identified the ring "Jeacroihoa" {rC+ Int+3 Slay+3 Stlth-}
                  | (You bought it in a shop on level 7 of the Dungeon)
  6891 | D:7      | Bought a metal-bound book for 285 gold pieces
  6891 | D:7      | Bought a scroll of identify for 38 gold pieces
  6891 | D:7      | Bought a scroll of identify for 38 gold pieces
  6909 | D:7      | Gained mutation: You have a pair of small horns on your
                  | head. [potion of mutation]
  6909 | D:7      | Gained mutation: Potions are less effective at restoring
                  | your health. [potion of mutation]
  6909 | D:7      | Gained mutation: You are partially covered in yellow
                  | scales. (AC +2) [potion of mutation]
  7097 | D:8      | Found a flagged portal.
  7106 | Bailey   | Entered a bailey
  7343 | Bailey   | Reached XP level 10. HP: 26/58 MP: 0/19
  7576 | Bailey   | Identified a scroll of acquirement
  7576 | Bailey   | Identified the amulet "Paczau" {+Rage MR+} (You acquired it
                  | in a bailey)
  7576 | Bailey   | Identified the Tome of Execration (You acquired it in a
                  | bailey)
  7603 | Bailey   | Noticed an orc knight
  7603 | Bailey   | Noticed an orc knight
  7604 | Bailey   | Noticed an orc knight
  7614 | Bailey   | Noticed an orc knight
  7702 | D:7      | Bought 3 scrolls of enchant weapon for 427 gold pieces
  7702 | D:7      | Bought a leatherbound book for 285 gold pieces
  7711 | D:7      | Learned a level 5 spell: Fireball
  7749 | D:8      | Lost mutation: You have a pair of small horns on your head.
                  | [potion of mutation]
  7749 | D:8      | Lost mutation: You are partially covered in yellow scales.
                  | (AC +2) [potion of mutation]
  7749 | D:8      | Lost mutation: Potions are less effective at restoring your
                  | health. [potion of mutation]
  7749 | D:8      | Gained mutation: You tend to lose your temper in combat.
                  | [potion of mutation]
  7749 | D:8      | Gained mutation: You are resistant to hostile enchantments.
                  | (MR+) [potion of mutation]
  7749 | D:8      | Gained mutation: You are occasionally teleported next to
                  | monsters. [potion of mutation]
  7749 | D:8      | Gained mutation: You have a pair of small horns on your
                  | head. [potion of mutation]
  8016 | D:8      | Reached skill level 1 in Evocations
  8302 | D:8      | Reached skill level 5 in Armour
  8329 | D:8      | Found a sacrificial altar of Ru.
  8430 | D:9      | Noticed a two-headed ogre
  8438 | D:9      | Killed a two-headed ogre
  8438 | D:9      | Reached skill level 5 in Fighting
  8527 | D:9      | Found a shimmering altar of Xom.
  8553 | D:9      | Reached skill level 5 in Maces & Flails
  8908 | D:9      | Found a radiant altar of Vehumet.
  8915 | D:9      | Became a worshipper of Vehumet
  8933 | D:9      | Found an ornate altar of the Wu Jian Council.
  8933 | D:9      | Found a sparkling altar of Nemelex Xobeh.
  8933 | D:9      | Found an iron altar of Okawaru.
  9023 | D:10     | Entered Level 10 of the Dungeon
  9249 | D:10     | Killed an unseen horror
  9249 | D:10     | Reached XP level 11. HP: 47/64 MP: 17/21
  9393 | D:10     | Reached * piety under Vehumet
  9393 | D:10     | Offered knowledge of Freeze by Vehumet.
  9647 | D:11     | Noticed a manticore
  9648 | D:11     | Noticed a death yak
  9648 | D:11     | Noticed a death yak
  9713 | D:11     | Learned a level 6 spell: Iron Shot
  9738 | D:11     | Noticed Josephine
  9798 | D:11     | Noticed a cyclops
  9801 | D:11     | Killed a cyclops
  9965 | D:11     | Killed a manticore
 10016 | D:11     | Found a staircase to the Lair.
 10021 | D:11     | Noticed a death yak
 10039 | D:11     | HP: 1/64 [death yak (8)]
 10320 | D:11     | Killed Josephine
 10320 | D:11     | Reached skill level 5 in Dodging
 10513 | D:10     | Killed a death yak
 10648 | D:10     | Killed a death yak
 10648 | D:10     | Reached skill level 10 in Earth Magic
 10835 | D:11     | Killed a death yak
 10835 | D:11     | Offered knowledge of Magic Dart by Vehumet.
 11003 | D:11     | Noticed Maurice
 11007 | D:11     | Reached ** piety under Vehumet
 11016 | D:11     | Killed Maurice
 11187 | D:11     | Found a radiant altar of Vehumet.
 11225 | D:11     | Learned a level 5 spell: Irradiate
 11238 | D:11     | Noticed a two-headed ogre
 11245 | D:11     | Killed a two-headed ogre
 11245 | D:11     | Reached XP level 12. HP: 55/71 MP: 17/23
 11446 | D:12     | Found a staircase to the Orcish Mines.
 11448 | D:12     | Noticed Erolcha
 11605 | D:12     | Noticed Kirke
 11743 | D:11     | Noticed a sphinx
 11743 | D:11     | Killed Kirke
 11876 | D:12     | Offered knowledge of Searing Ray by Vehumet.
 12130 | D:12     | Reached *** piety under Vehumet
 12174 | D:12     | Killed Erolcha
 12405 | D:12     | Offered knowledge of Iskenderun's Mystic Blast by Vehumet.
 12832 | D:13     | Noticed a centaur warrior
 12846 | D:13     | Killed a centaur warrior
 12846 | D:13     | Reached skill level 5 in Evocations
 13086 | D:13     | Noticed a centaur warrior
 13093 | D:13     | Killed a centaur warrior
 13093 | D:13     | Reached **** piety under Vehumet
 13100 | D:13     | Noticed a centaur warrior
 13104 | D:13     | Offered knowledge of Static Discharge by Vehumet.
 13109 | D:13     | Killed a centaur warrior
 13334 | D:13     | Reached XP level 13. HP: 73/78 MP: 25/25
 13360 | D:13     | Reached skill level 1 in Fire Magic
 13476 | D:13     | Got a scorched ivory ring
 13477 | D:13     | Identified the ring of the Fiend {rF- MR+ EV+2 Int+2} (You
                  | found it on level 13 of the Dungeon)
 13841 | D:13     | Noticed a vault guard
 13871 | D:13     | Noticed a vault guard
 14463 | D:13     | Reached ***** piety under Vehumet
 14468 | D:13     | Offered knowledge of Conjure Ball Lightning by Vehumet.
 14522 | D:13     | Killed a vault guard
 14636 | D:13     | Noticed a vault guard
 14636 | D:13     | Noticed a vault guard
 14639 | D:13     | Killed a vault guard
 14643 | D:13     | Killed a vault guard
 14644 | D:13     | Killed a vault guard
 14648 | D:13     | Found a gate to the Vaults.
 15209 | D:14     | Reached skill level 10 in Conjurations
 15382 | D:14     | Reached skill level 5 in Fire Magic
 15382 | D:14     | Gained mutation: Your large and strong wings let you fly
                  | indefinitely. [Gargoyle growth]
 15382 | D:14     | Reached XP level 14. HP: 70/86 MP: 27/27
 15383 | D:14     | You fall into a shaft and drop 1 floor!
 15383 | D:15     | Entered Level 15 of the Dungeon
 15470 | D:15     | Found a sacrificial altar of Ru.
 15962 | D:14     | Found Ewodwenn's Antique Armour Shop.
 16282 | Lair:1   | Entered Level 1 of the Lair of Beasts
 16343 | Lair:1   | Found a runed translucent door.
 17575 | Lair:1   | Offered knowledge of Airstrike by Vehumet.
 17874 | Lair:2   | Lost mutation: You are occasionally teleported next to
                  | monsters. [potion of mutation]
 17874 | Lair:2   | Lost mutation: You tend to lose your temper in combat.
                  | [potion of mutation]
 17874 | Lair:2   | Lost mutation: You have a pair of small horns on your head.
                  | [potion of mutation]
 17874 | Lair:2   | Lost mutation: You are resistant to hostile enchantments.
                  | (MR+) [potion of mutation]
 17874 | Lair:2   | Gained mutation: Your flesh is heat resistant. (rF+)
                  | [potion of mutation]
 17874 | Lair:2   | Gained mutation: You are agile. (Dex +2) [potion of
                  | mutation]
 18371 | Lair:2   | Noticed Maggie
 18559 | Lair:2   | Killed Maggie
 19024 | Lair:2   | Identified the Volume of Displaced Fire
 19647 | Lair:3   | Found a staircase to the Snake Pit.
 19680 | Lair:3   | Found a staircase to the Swamp.
 20987 | Lair:5   | Reached skill level 10 in Fighting
 21027 | Lair:5   | Offered knowledge of Yara's Violent Unravelling by Vehumet.
 21215 | Lair:5   | Reached XP level 15. HP: 92/92 MP: 28/28
 22010 | Lair:6   | Entered Level 6 of the Lair of Beasts
 22475 | Lair:6   | Found a staircase to the Slime Pits.
 22476 | Lair:6   | Found a viscous altar of Jiyva.
 22497 | Lair:6   | Reached skill level 10 in Spellcasting
 24688 | Orc:1    | Entered Level 1 of the Orcish Mines
 24747 | Orc:1    | Noticed Snorg
 24757 | Orc:1    | Killed Snorg
 25039 | Orc:1    | You are sucked into a shaft and drop 1 floor!
 25039 | Orc:2    | Entered Level 2 of the Orcish Mines
 25056 | Orc:2    | Found a staircase to the Elven Halls.
 25450 | Orc:1    | Offered knowledge of Freezing Cloud by Vehumet.
 25961 | Orc:2    | Found Pasecs's Antique Weapon Shoppe.
 26541 | Orc:2    | Noticed an orc warlord
 26789 | Orc:2    | Reached skill level 10 in Maces & Flails
 27099 | Orc:2    | Found a roughly hewn altar of Beogh.
 27109 | Orc:2    | Killed an orc warlord
 27224 | Orc:2    | Found Taod Mua's Jewellery Boutique.
 27230 | Orc:2    | Found Ycrucsudd's Antique Armour Boutique.
 27250 | Orc:2    | Found Cajat's General Store.
 27258 | Orc:2    | Bought a potion of curing for 39 gold pieces
 27258 | Orc:2    | Bought a scroll of teleportation for 39 gold pieces
 27282 | Orc:2    | Found Joawk's Antique Weapon Boutique.
 27585 | D:15     | Reached XP level 16. HP: 77/99 MP: 26/30
 28002 | D:15     | Found a staircase to the Depths.
 28013 | D:15     | Offered knowledge of Ozocubu's Refrigeration by Vehumet.
 28015 | D:15     | Reached skill level 10 in Fire Magic
 28738 | Snake:1  | Entered Level 1 of the Snake Pit
 29007 | Swamp:1  | Entered Level 1 of the Swamp
 31125 | Swamp:3  | Offered knowledge of Lightning Bolt by Vehumet.
 31147 | Swamp:3  | Found a transporter.
 31149 | Swamp:3  | Noticed htime's ghost (journeyman SpEn)
 31226 | Swamp:3  | Found a transporter.
 32103 | Swamp:3  | Killed htime's ghost
 32165 | Swamp:4  | Entered Level 4 of the Swamp
 32176 | Swamp:4  | Learned a level 8 spell: Ignition
 32214 | Swamp:4  | Noticed a thorn hunter
 32331 | Swamp:4  | Killed a thorn hunter
 32427 | Swamp:4  | Got a tattered robe
 32764 | Swamp:4  | Reached XP level 17. HP: 39/104 MP: 13/31
 33486 | Swamp:4  | Identified the +0 robe of Distant Worlds {rC+ Str+2} (You
                  | found it on level 4 of the Swamp)
 33685 | Swamp:4  | Reached ****** piety under Vehumet
 34179 | Swamp:4  | Got a decaying rune of Zot
 34383 | Snake:1  | Offered knowledge of Lehudib's Crystal Spear by Vehumet.
 34832 | Snake:1  | Got a slimy crystal amulet
 34833 | Snake:1  | Identified the amulet of Dumpuezu {Faith rElec Stlth+} (You
                  | found it on level 1 of the Snake Pit)
 35243 | Snake:1  | Found a sparkling altar of Nemelex Xobeh.
 35257 | Snake:1  | Found Omaehun's Book Emporium.
 36193 | Snake:2  | Noticed Jorgrun
 36199 | Snake:2  | Killed Jorgrun
 36290 | Snake:2  | Noticed Aizul
 36308 | Snake:2  | Killed Aizul
 36728 | Snake:3  | Reached skill level 15 in Fire Magic
 37390 | Snake:3  | Reached XP level 18. HP: 81/110 MP: 33/33
 37428 | Snake:3  | Identified the +8 trident of Dismay {speed, rC+ Int+4
                  | Stlth+}
 37875 | Snake:3  | Got a slimy buckler
 37876 | Snake:3  | Identified the cursed +0 buckler of Xom's Esteem {*Slow
                  | rC+++ Str-3 Int+4} (You found it on level 3 of the Snake
                  | Pit)
 38342 | Snake:4  | Entered Level 4 of the Snake Pit
 38342 | Snake:4  | Identified Roxanne's Disquisition on Clay
 38342 | Snake:4  | Noticed Roxanne
 38359 | Snake:4  | Killed Roxanne
 39872 | Snake:4  | Got a serpentine rune of Zot
 40421 | Vaults:1 | Entered Level 1 of the Vaults
 40828 | Elf:1    | Entered Level 1 of the Elven Halls
 41090 | Elf:1    | Reached XP level 19. HP: 103/117 MP: 17/34
 41749 | Elf:1    | Reached skill level 10 in Dodging
 42198 | Elf:2    | Cast into level 2 of the Abyss (a deep elf demonologist)
 42254 | Abyss:2  | Found a corrupted altar of Lugonu.
 42287 | Elf:2    | Escaped the Abyss
 42303 | Elf:2    | Identified the +3 pair of gloves of Idealism {rN+} (You
                  | acquired it on level 2 of the Elven Halls)
 42303 | Elf:2    | Identified the +9 great mace "Laid Mar" {vamp, Int+4} (You
                  | acquired it on level 2 of the Elven Halls)
 42645 | Elf:2    | Found a runed translucent gate.
 42656 | Elf:2    | Reached skill level 15 in Earth Magic
 42681 | Elf:2    | Found a runed translucent gate.
 42950 | Elf:2    | Found a runed translucent gate.
 43153 | Elf:3    | Entered Level 3 of the Elven Halls
 43155 | Elf:3    | Found Sana's Assorted Antiques.
 43160 | Elf:3    | Bought a scroll of magic mapping for 115 gold pieces
 43160 | Elf:3    | Bought a scroll of identify for 66 gold pieces
 43160 | Elf:3    | Bought a potion of might for 132 gold pieces
 43160 | Elf:3    | Bought a thin metal-bound book for 495 gold pieces
 43160 | Elf:3    | Bought a scroll of identify for 66 gold pieces
 43304 | Elf:3    | Found a portal to a secret trove of treasure.
 43358 | Elf:3    | Offered knowledge of Fire Storm by Vehumet.
 43358 | Elf:3    | Offered knowledge of Chain Lightning by Vehumet.
 43358 | Elf:3    | Offered knowledge of Tornado by Vehumet.
 43377 | Elf:3    | Cast into level 2 of the Abyss (a deep elf sorcerer)
 43439 | Abyss:2  | Found a corrupted altar of Lugonu.
 43450 | Abyss:2  | Gained mutation: You are weak. (Str -2) [a neqoxec]
 43802 | Abyss:2  | Lost mutation: You are agile. (Dex +2) [a cacodemon]
 43803 | Abyss:2  | Gained mutation: You tend to lose your temper in combat. [a
                  | cacodemon]
 43834 | Abyss:2  | Lost mutation: Your flesh is heat resistant. (rF+) [potion
                  | of mutation]
 43834 | Abyss:2  | Lost mutation: You are weak. (Str -2) [potion of mutation]
 43834 | Abyss:2  | Gained mutation: You often lose your temper in combat.
                  | [potion of mutation]
 43834 | Abyss:2  | Lost mutation: You often lose your temper in combat.
                  | [potion of mutation]
 44207 | Elf:3    | Escaped the Abyss
 44343 | Elf:3    | Lost mutation: You tend to lose your temper in combat.
                  | [potion of mutation]
 44343 | Elf:3    | Gained mutation: Your flesh is cold resistant. (rC+)
                  | [potion of mutation]
 44343 | Elf:3    | Gained mutation: You are resistant to hostile enchantments.
                  | (MR+) [potion of mutation]
 44343 | Elf:3    | Gained mutation: You passively map a small area around you.
                  | [potion of mutation]
 44722 | Elf:3    | Reached XP level 20. HP: 124/124 MP: 30/36
 44818 | Elf:3    | Identified the +2 leather armour of Demons {rPois Dex+4}
 45082 | Elf:3    | Identified the Catalogue of Feathery Execration
 48487 | Vaults:3 | Reached XP level 21. HP: 131/131 MP: 18/37
 48610 | Vaults:3 | Noticed Mennas
 48936 | Vaults:3 | Found a staircase to the Crypt.
 49034 | Vaults:3 | Noticed a bone dragon
 49039 | Vaults:3 | Killed a bone dragon
 49833 | Vaults:3 | Killed Mennas
 50770 | Vaults:4 | Noticed Jory
 50786 | Vaults:4 | Killed Jory
 50837 | Vaults:4 | Noticed Mara
 50982 | Vaults:3 | Learned a level 9 spell: Fire Storm
 50989 | Vaults:4 | Noticed Arvaldir's illusion
 50989 | Vaults:4 | Killed Mara
 51442 | Vaults:4 | Reached XP level 22. HP: 138/138 MP: 17/39
 51486 | Vaults:4 | Reached skill level 15 in Conjurations
 52747 | Vaults:5 | Entered Level 5 of the Vaults
 52747 | Vaults:5 | Noticed Bai Suzhen
 52751 | Vaults:5 | Noticed an ancient lich
 52954 | Crypt:1  | Entered Level 1 of the Crypt
 52988 | Crypt:1  | Reached XP level 23. HP: 127/144 MP: 30/40
 53023 | Crypt:1  | Reached skill level 15 in Fighting
 53628 | Crypt:1  | Noticed Boris
 53636 | Crypt:1  | Killed Boris
 53841 | Crypt:1  | Noticed Donald
 53848 | Crypt:1  | Killed Donald
 54723 | Crypt:2  | Found a magical portal.
 55407 | WizLab   | Noticed an antique lich
 55419 | WizLab   | Killed an antique lich
 55577 | WizLab   | Found the +9 sword of Zonguldrok {reap}
 55630 | WizLab   | Learned a level 9 spell: Shatter
 55684 | Crypt:2  | Noticed Boris
 55705 | Crypt:2  | Killed Boris
 56799 | Crypt:2  | Identified the +1 robe "Juafenaf" {MR++ Str+6} (You found
                  | it on level 2 of the Crypt)
 56868 | Crypt:3  | Entered Level 3 of the Crypt
 56976 | Crypt:3  | Identified Ivimmocw's Compendium of Mutagenic Slavery
 57806 | Crypt:3  | Reached XP level 24. HP: 136/151 MP: 40/40
 58242 | Crypt:3  | Got a smoking glass ring
 58242 | Crypt:3  | Got a vibrating zirconium amulet
 58242 | Crypt:3  | Got a scorched silver ring
 58244 | Crypt:3  | Identified the ring of Saeraigu {rC- rN+ MP+9 Int+4} (You
                  | found it on level 3 of the Crypt)
 58297 | Crypt:3  | Identified the amulet "Neothrep" {rPois Regen+ Dex+4} (You
                  | found it on level 3 of the Crypt)
 58299 | Crypt:3  | Identified the ring "Botamn" {rPois rN+ Int+6} (You found
                  | it on level 3 of the Crypt)
 58599 | Crypt:3  | Noticed an ancient lich
 58602 | Crypt:3  | Killed an ancient lich
 58708 | Crypt:3  | Noticed an ancient lich
 58708 | Crypt:3  | Noticed an ancient lich
 58709 | Crypt:3  | Found a staircase to the Tomb.
 58710 | Crypt:3  | Noticed an ancient lich
 58711 | Crypt:3  | Killed an ancient lich
 58712 | Crypt:3  | Paralysed by an ancient lich for 2 turns
 58718 | Crypt:3  | Killed an ancient lich
 58719 | Crypt:3  | Killed an ancient lich
 58736 | Crypt:3  | Identified the +2 robe of Hide-and-Seek {+Blink rPois
                  | Int-5} (You found it on level 3 of the Crypt)
 59131 | Vaults:5 | Killed an ancient lich
 59141 | Vaults:4 | Killed Bai Suzhen
 59403 | Vaults:5 | Reached XP level 25. HP: 65/157 MP: 30/41
 59561 | Vaults:5 | Identified the +11 short sword "Uraurch Irax" {vorpal,
                  | *Corrode Dex+4}
 59626 | Vaults:5 | Noticed Xtahua
 59633 | Vaults:5 | Killed Xtahua
 59639 | Vaults:5 | Identified the ring "Neeceviw" {Str+4 Int+2 Dex+3 Slay-3
                  | Stlth-}
 59646 | Vaults:5 | Noticed an ancient lich
 59657 | Vaults:5 | Reached skill level 15 in Maces & Flails
 59663 | Vaults:5 | Killed from afar by an ancient lich

Levels and vault maps discovered:
D:1:      minmay_arrival_statue_studded, layout_rooms, minmay_misc_feat_hallway
D:2:      layout_rooms, nicolae_overflow_crystal_walls, uniq_jessica
D:3:      layout_loops_cross
D:4:      minmay_chambers_of_threes, layout_cave_pods, kennysheep_mini_moat,
          first_ration
D:5:      layout_basic, minmay_fractal_squares_gapless_5, uniq_ijyb,
          uniq_grinder
D:6:      layout_basic, minmay_temple_entry_waves
D:7:      layout_loops_ring, overflow_temple_1_default,
          nicolae_ossuary_entry_catacombs, serial_shops,
          nicolae_shop_overgrown_old_shop
D:8:      layout_rooms, lemuel_coloured_pillars_altar, enter_bailey_2,
          the_bakery
D:9:      layout_cave_pools, old_standard_altar,
          gammafunk_temple_overflow_forgotten, kennysheep_little_box
D:10:     layout_roguey, hangedman_decor_slide_cut, kennysheep_generic_room_16
D:11:     layout_gridville, dpeg_lair_monsters, basic_altar, uniq_josephine,
          uniq_maurice
D:12:     layout_irregular_city, zombieorc2_lemuel, minmay_stone_trees_medium,
          uniq_erolcha, uniq_kirke
D:13:     minmay_clustersquares, layout_loops_cross,
          grunt_vaults_entry_fortified
D:14:     layout_gridville, serial_shops, nicolae_shop_trees, minivault_23,
          argonaut_gorgonesque
D:15:     hangedman_depths_entry_try_elsewhere_first, layout_irregular_city,
          nicolae_ru_sacrificial_ziggurat, fungi_pond_lemuel
Temple:   cyrus_circular_temple
Lair:1:   gammafunk_lair_enchanted_lake, layout_small_grid
Lair:2:   layout_layer_cave, grunt_megastairs_4, uniq_maggie
Lair:3:   layout_chaotic_city, swamp_mist, dummy_snake_entry,
          chequers_serial_rivers_small_b, chequers_serial_rivers_micro_b,
          nicolae_quartered_pool_super, ldierk_geyser, grunt_megastairs_5,
          infiniplex_staircase_pool_2, lemuel_fruit_fields,
          minmay_lair_oklob_chamber, serial_bayou_shore_b
Lair:4:   layout_regular_city
Lair:5:   beast_lair_carwin_large_3, layout_cave_pods, minivault_24
Lair:6:   due_jungle_book, layout_concentric_octagons, slime_altar_1
Swamp:1:  layout_basic_swamp, evilmike_swamp_ruin_rubble_2
Swamp:2:  layout_basic_swamp, nicolae_swamp_little_tower, swamp_pool5
Swamp:3:  layout_basic_swamp, gammafunk_ghost_mausoleum, serial_swamp_ruin,
          evilmike_swamp_ruin_house_5, evilmike_swamp_ruin_house_3,
          evilmike_swamp_ruin_wall
Swamp:4:  swamp_basic_johnstein, layout_basic_swamp
Snake:1:  layout_layer_cave, basic_altar, serial_shops, shop, drop_trap,
          nrook_guardian_serpent_ordinary
Snake:2:  layout_misc_corridors, serial_bayou_shore_b, uniq_aizul, uniq_jorgrun
Snake:3:  layout_basic
Snake:4:  snake_pit, layout_cave_town, uniq_roxanne
Orc:1:    cheibrodos_orc_guarddog, layout_caves, uniq_snorg
Orc:2:    grunt_orc_cross, layout_diamond_mine, serial_shops,
          nicolae_shop_overgrown_old_shop
Elf:1:    eino_elf_arrival_the_gate, layout_geoelf_octagon,
          hangedman_elf_disciples, nicolae_elf_w_pinch, st_stairs_3
Elf:2:    layout_rooms, st_stairs_13, corexii_hall_statues_u
Elf:3:    minmay_elf_hall_curves, layout_gridlike, nicolae_trove_entry_columns,
          serial_shops, nicolae_shop_overgrown_old_shop,
          roderic_lattice_octagonal_star
Vaults:1: nicolae_vaults_little_squares_5, nicolae_vaults_border_crossing,
          hangedman_vaults_stretched_pinwheel, vaults_room_pools,
          vaults_dpeg_hooks, v_pattern_3, v_misc_5, vaults_room_door_hall,
          vaults_room_fours, layout_vaults_omnigrid
Vaults:2: nicolae_vaults_little_squares_3, hangedman_vaults_slither, v_misc_27,
          vaults_standard_mumra_enter_the_diamond, grunt_vaults_funnel,
          ontoclasm_vaults_loading_screen, ontoclasm_vaults_fault,
          layout_vaults_maze_snakey
Vaults:3: v_alt_pattern_6, hangedman_vaults_unwind, v_alt_pattern_5,
          ontoclasm_vaults_ring_square, nicolae_vaults_twisting_passages,
          hangedman_vaults_maws, nicolae_vaults_quadrants,
          minmay_crypt_entry_nasty_monster, ontoclasm_vaults_chip,
          vaults_mumra_chevron, nicolae_vaults_shelves_hall, layout_vaults_ring,
          uniq_mennas
Vaults:4: hangedman_vaults_nails, hangedman_vaults_stitches,
          ontoclasm_vaults_bender, nicolae_vaults_shelves_hall,
          nicolae_vaults_stairing_the_circle, nicolae_vaults_what_the_h,
          vaults_room_semicircle, dpeg_vaults_monster_row,
          vaults_room_hangedman_quadrants, nicolae_vaults_sealed_display,
          layout_vaults_omnicross, uniq_mara, uniq_jory
Vaults:5: uniq_saint_roka, uniq_xtahua, uniq_bai_suzhen
Crypt:1:  layout_gridlike, grunt_crypt_arrival_webbed, grunt_megastairs_3,
          uniq_donald, uniq_boris
Crypt:2:  layout_regular_city, infiniplex_enter_wizlab_water, minivault_5
Crypt:3:  quadcrypt_mu

Skill      XL: |  1  2  3  4  5  6  7  8  9 10 11 12 13 14 15 16 17 18 19 20 21 22 23 24 25 |
---------------+----------------------------------------------------------------------------+-----
Earth Magic    | 4 5 6 7 8 9 10 11 12 13 14 15 16 17 19 20 | 20.5
Spellcasting   | 3 4 5 6 7 8 9 10 11 12 13 14 | 14.4
Conjurations   | 1 2 3 4 5 6 7 8 9 10 11 12 13 14 15 16 | 16.4
Fighting       | 1 2 4 5 6 8 9 10 11 12 13 14 15 16 | 16.0
Maces & Flails | 1 2 4 5 6 7 8 9 10 11 12 13 14 15 | 15.0
Armour         | 1 3 4 5 6 |  6.0
Dodging        | 2 3 4 5 6 7 8 9 10 11 12 | 12.8
Evocations     | 2 4 5 6 |  6.0
Fire Magic     | 5 7 9 11 15 16 17 18 19 20 | 20.5
Stealth        | |  2.1
Transmutations | |  0.7

Action                   |  1- 3 |  4- 6 |  7- 9 | 10-12 | 13-15 | 16-18 | 19-21 | 22-24 | 25-27 || total
-------------------------+-------+-------+-------+-------+-------+-------+-------+-------+-------++-------
Melee: Club              |    20 |       |       |       |       |       |       |       |       ||    20
       Dagger            |    41 |    23 |       |       |       |       |       |       |       ||    64
       Short sword       |       |    91 |   286 |       |       |       |       |       |       ||   377
       Morningstar       |       |       |    84 |   348 |    70 |       |       |       |       ||   502
       Headbutt          |       |       |     2 |    48 |    40 |       |       |       |       ||    90
       Eveningstar       |       |       |       |       |   737 |   645 |   676 |   760 |    50 ||  2868
       Staff             |       |       |       |       |       |   138 |       |     4 |       ||   142
 Cast: Sandblast         |    13 |    60 |   122 |   132 |   110 |    31 |    68 |    26 |       ||   562
       Stone Arrow       |       |       |     3 |    23 |    21 |     2 |       |       |       ||    49
       Lee's Rapid Decon |       |       |     7 |    23 |    49 |    46 |    91 |    38 |     9 ||   263
       Irradiate         |       |       |       |     6 |     3 |    43 |     3 |       |       ||    55
       Iron Shot         |       |       |       |       |    73 |   126 |   128 |    44 |    10 ||   381
       Fireball          |       |       |       |       |     5 |     7 |     8 |     2 |       ||    22
       Ignition          |       |       |       |       |       |    20 |    51 |    50 |       ||   121
       Shatter           |       |       |       |       |       |       |       |    28 |       ||    28
       Fire Storm        |       |       |       |       |       |       |       |     1 |     1 ||     2
 Abil: Fly               |       |       |       |       |     1 |       |       |     1 |       ||     2
       Stop Flying       |       |       |       |       |       |       |     1 |       |     1 ||     2
Evoke: Wand              |       |       |     5 |     5 |    17 |    11 |     3 |       |       ||    41
       Phial of floods   |       |       |       |       |       |     1 |       |       |       ||     1
       Lightning rod     |       |       |       |       |       |       |     4 |       |     4 ||     8
  Use: Scroll            |       |    14 |    12 |    23 |    12 |    21 |    18 |    12 |       ||   112
       Potion            |       |     1 |     4 |     8 |     4 |    12 |    24 |     2 |     1 ||    56
 Stab: Sleeping          |     1 |     3 |     4 |       |       |     1 |       |       |       ||     9
       Confused          |       |       |       |       |     1 |       |       |       |       ||     1
       Invisible         |       |       |       |       |       |     1 |       |       |       ||     1
       Distracted        |       |       |       |       |       |       |     1 |       |       ||     1
  Eat: Chunk             |       |     7 |    12 |    15 |    61 |    29 |    62 |    19 |       ||   205
       Ration            |       |       |     1 |     3 |     4 |    21 |    11 |    17 |       ||    57
Armor: Robe              |    35 |    61 |   208 |   285 |   183 |       |       |       |       ||   772
       Steam dragon scal |       |       |       |       |   296 |   738 |   478 |   577 |    32 ||  2121
Dodge: Dodged            |    66 |   112 |   351 |   403 |   789 |   974 |   593 |   591 |    33 ||  3912

Table legend:
 A = Non-vault XP
 B = Vault XP
 C = Vault XP percentage of total XP
 D = Non-vault monster count
 E = Vault monster count
 F = Vault count percentage of total count
                 A         B        C        D         E       F
            +---------+---------+-------+---------+---------+-------
      Total |  503676 |  485048 |  49.1 |    1273 |     676 |  34.7
            +---------+---------+-------+---------+---------+-------
        D:1 |      26 |       0 |   0.0 |      13 |       0 |   0.0
        D:2 |      68 |      37 |  35.2 |      19 |       1 |   5.0
        D:3 |      83 |       0 |   0.0 |      21 |       0 |   0.0
        D:4 |     673 |     177 |  20.8 |      19 |       8 |  29.6
        D:5 |     636 |     363 |  36.3 |      19 |       5 |  20.8
        D:6 |     327 |       0 |   0.0 |      12 |       0 |   0.0
        D:7 |    1424 |     202 |  12.4 |      28 |       6 |  17.6
        D:8 |    1392 |     220 |  13.6 |      33 |       1 |   2.9
        D:9 |    1678 |       0 |   0.0 |      17 |       0 |   0.0
       D:10 |    2731 |    2475 |  47.5 |      27 |       8 |  22.9
       D:11 |    2776 |    4940 |  64.0 |      15 |      14 |  48.3
       D:12 |    3228 |    2311 |  41.7 |      29 |      40 |  58.0
       D:13 |   10652 |    9393 |  46.9 |      56 |      19 |  25.3
       D:14 |    7741 |    3439 |  30.8 |      25 |       7 |  21.9
       D:15 |   12184 |    3219 |  20.9 |      40 |       4 |   9.1
     Lair:1 |    4519 |    3831 |  45.9 |      19 |       9 |  32.1
     Lair:2 |    6646 |     550 |   7.6 |      26 |       3 |  10.3
     Lair:3 |    7761 |    1014 |  11.6 |      23 |       4 |  14.8
     Lair:4 |    3445 |       0 |   0.0 |      11 |       0 |   0.0
     Lair:5 |    5143 |    4683 |  47.7 |      24 |      10 |  29.4
     Lair:6 |   15446 |    2828 |  15.5 |      25 |       5 |  16.7
    Swamp:1 |    7319 |       0 |   0.0 |      21 |       0 |   0.0
    Swamp:2 |   10235 |     403 |   3.8 |      29 |       3 |   9.4
    Swamp:3 |    7602 |    2851 |  27.3 |      15 |       9 |  37.5
    Swamp:4 |   10076 |   20438 |  67.0 |      24 |      34 |  58.6
    Snake:1 |   14065 |     927 |   6.2 |      24 |       2 |   7.7
    Snake:2 |   11247 |    4457 |  28.4 |      19 |       2 |   9.5
    Snake:3 |   25965 |       0 |   0.0 |      57 |       0 |   0.0
    Snake:4 |    9778 |   33639 |  77.5 |      18 |      44 |  71.0
      Orc:1 |    4274 |    2321 |  35.2 |      51 |       9 |  15.0
      Orc:2 |     339 |    7464 |  95.7 |       7 |      33 |  82.5
      Elf:1 |   20250 |    8630 |  29.9 |      37 |      15 |  28.8
      Elf:2 |   20336 |    3885 |  16.0 |      32 |       6 |  15.8
      Elf:3 |   12748 |   38050 |  74.9 |      24 |      27 |  52.9
   Vaults:1 |   15022 |   15768 |  51.2 |      24 |      19 |  44.2
   Vaults:2 |   19578 |    8934 |  31.3 |      29 |      12 |  29.3
   Vaults:3 |   33045 |   52550 |  61.4 |      59 |      47 |  44.3
   Vaults:4 |   57622 |   47477 |  45.2 |      82 |      48 |  36.9
   Vaults:5 |   27190 |  104620 |  79.4 |      44 |      86 |  66.2
    Crypt:1 |   37793 |    9125 |  19.4 |      61 |       4 |   6.2
    Crypt:2 |   32453 |       0 |   0.0 |      38 |       0 |   0.0
    Crypt:3 |       0 |   77410 | 100.0 |       0 |      81 | 100.0
    Abyss:2 |   19305 |     491 |   2.5 |      43 |       3 |   6.5
    Ossuary |       0 |     150 | 100.0 |       0 |      16 | 100.0
     Bailey |       0 |     479 | 100.0 |       0 |      27 | 100.0
     WizLab |   18855 |    5297 |  21.9 |      34 |       5 |  12.8
            +---------+---------+-------+---------+---------+-------
